 Dungeon Crawl Stone Soup version 0.17.2-1-ge4368a0 (webtiles) character file.

100 Goblin1989 the Changer (level 4, -8/22 HPs)
             Began as a Spriggan Transmuter on Mar 17, 2017.
             Was an Initiate of Sif Muna.
             Killed from afar by an orc wizard (11 damage)
             ... with a puff of frost
             ... on level 4 of the Dungeon on Mar 28, 2017.
             The game lasted 00:10:36 (4048 turns).

Goblin1989 the Changer (Spriggan Transmuter)        Turns: 4048, Time: 00:10:37

Health: -8/22      AC:  2    Str:  6    XL:     4   Next: 47%
Magic:  10/10      EV: 19    Int: 15    God:    Sif Muna [......]
Gold:   150        SH:  0    Dex: 16    Spells: 2 memorised, 6 levels left

rFire  . . .     SeeInvis +       - Unarmed
rCold  . . .     Clarity  .     b - +0 robe
rNeg   . . .     SustAt   .     (shield restricted)
rPois  .         Gourm    .     (helmet restricted)
rElec  .         Spirit   .     (no cloak)
rCorr  .         Warding  .     (gloves unavailable)
rMut   +         Stasis   .     (boots unavailable)
MR     .....                    j - amulet of resist mutation
Stlth  +.........               (no ring)
                                (no ring)

@: appendage, very quick, not resistant to hostile enchantments, very unstealthy
A: unfitting armour, horns 2, see invisible, herbivore 3, speed 3, slow
metabolism 2
a: End Transformation, Renounce Religion


You were on level 4 of the Dungeon.
You worshipped Sif Muna.
Sif Muna was noncommittal.
You were full.
You had grown temporary horns.
You visited 2 branches of the dungeon, and saw 5 of its levels.

You collected 150 gold pieces.

Inventory:

Missiles
 a - 62 arrows (quivered)
 Z - a throwing net {!d, =f}
Armour
 b - a +0 robe (worn)
 d - a +0 cloak
Jewellery
 j - an amulet of resist mutation (around neck)
Scrolls
 g - a scroll of random uselessness {unknown}
 h - a scroll of enchant weapon {unknown}
 i - 4 scrolls of identify {unknown}
 k - 2 scrolls of magic mapping {unknown}
 n - 2 scrolls of fog {unknown}
 o - 2 scrolls of remove curse {unknown}
 q - a scroll of immolation {unknown}
 r - a scroll of blinking {unknown}
 u - 3 scrolls of enchant armour {unknown}
 v - a scroll of noise {unknown}
Potions
 f - a potion of brilliance {unknown}
 l - 2 potions of agility {unknown}
 m - 2 potions of haste {unknown}
 p - a potion of cancellation {unknown}
Books
 c - a book of Changes

   Spells                             Type                      Level
   a - Beastly Appendage              Transmutation                1
   b - Sticks to Snakes               Transmutation                2
   c - Spider Form                    Transmutation/Poison         3
   d - Ice Form                       Ice/Transmutation            4
   e - Blade Hands                    Transmutation                5
 w - a book of Envenomations

   Spells                             Type                      Level
   a - Spider Form                    Transmutation/Poison         3
   b - Alistair's Intoxication        Transmutation/Poison         4
   c - Olgreb's Toxic Radiance        Poison                       4
   d - Poisonous Cloud                Conjuration/Poison/Air       6
Comestibles
 e - 3 bread rations {@e1}


   Skills:
 + Level 1.1 Fighting
 + Level 3.7 Dodging
 * Level 3.1 Unarmed Combat
 + Level 3.4 Spellcasting
 * Level 4.1 Transmutations


You had 6 spell levels left.
You knew the following spells:

 Your Spells              Type           Power        Failure   Level  Hunger
a - Beastly Appendage     Trmt           ###...       3%          1    None
b - Sticks to Snakes      Trmt           ###.......   6%          2    ##.....


Dungeon Overview and Level Annotations

Branches:
Dungeon (4/15)             Temple (1/1) D:4

Altars:
Ashenzari
Elyvilon
Fedhas
Gozag
Kikubaaqudgha
Qazlal
Sif Muna
Trog
Vehumet
Xom
Zin
The Shining One


Innate Abilities, Weirdness & Mutations

You are tiny and cannot use many weapons and most armour.
You have supernaturally acute eyesight.
You are a herbivore.
You cover ground extremely quickly.
You need consume almost no food.
You have a pair of horns on your head.


Message History

There is a deep blue altar of Sif Muna here.
Put on which piece of jewellery? (? for menu, Esc to quit)
Okay, then.
You kneel at the altar of Sif Muna.
Sif Muna welcomes you!
Unknown command.
Put on which piece of jewellery? (? for menu, Esc to quit)
You remove your amulet of resist mutation.
You feel a craving for the dungeon's cuisine.
t - an amulet of the gourmand (around neck) Drop what? 23/52 slots (_ for help) (? for menu, Esc to quit)
You remove your amulet of the gourmand.
You drop an amulet of the gourmand.
Put on which piece of jewellery? (? for menu, Esc to quit)
j - an amulet of resist mutation (around neck) Unknown command.
(D) Dungeon (T) Temple
Where to? (Enter - Temple @ (x,y), ? - help)
There is a staircase back to the Dungeon here.
You climb upwards.
Welcome back to the Dungeon!
There is a staircase to the Ecumenical Temple here.
You now have 147 gold pieces (gained 14).
Found a shimmering altar of Xom.
l - 2 blue potions (gained 1)
You now have 150 gold pieces (gained 3).
An orc comes into view. It is wielding a flail.
The orc shouts!
Unknown command.
Casting: Sticks to Snakes
Confirm with . or Enter, or press ? or * to list all spells.
You grow a pair of large bovine horns.
You now have 9/10 mp.
Unknown command.
An orc wizard comes into view. It is wielding a dagger.
The orc wizard shouts! 2 orcs come into view.
The orc shouts!
An orc wizard comes into view. It is wielding a dagger.
The orc shouts!
The orc wizard shouts!
You hit the orc but do no damage. You headbutt the orc!
You kill the orc!
Things that are here:
a flail; a scale mail You hit the orc wizard.
The orc wizard is lightly wounded.
The orc wizard hits you with a dagger.
The orc wizard casts a spell.
The orc wizard seems to speed up.
You hit the orc wizard.
The orc wizard is moderately wounded.
The orc wizard completely misses you.
You take 3 damage, and have 19/22 hp.
You hit the orc wizard.
The orc wizard is heavily wounded.
The orc wizard hits you with a dagger.
The orc wizard looks braver for a moment.
You hit the orc wizard.
The orc wizard is heavily wounded.
The orc completely misses you. The orc wizard hits you with a dagger.
You take 5 damage, and have 14/22 hp.
MASSIVE DAMAGE!!
MP restored: 10 You hit the orc wizard but do no damage.
You headbutt the orc wizard.
You kill the orc wizard!
Your Transmutations skill increases to level 4!
The orc hits you. The orc hits you with a dagger.
You take 4 damage, and have 10/22 hp.
You are too injured to fight recklessly!
You are too injured to fight recklessly!
You are too injured to fight recklessly!
You are too injured to fight recklessly!
You are too injured to fight recklessly!
You are too injured to fight recklessly!
You are too injured to fight recklessly!
You are too injured to fight recklessly!
You are too injured to fight recklessly!
You are too injured to fight recklessly!
You are too injured to fight recklessly!
You are too injured to fight recklessly!
You are too injured to fight recklessly!
You are too injured to fight recklessly!
You are too injured to fight recklessly!
You are too injured to fight recklessly!
You are too injured to fight recklessly!
You are too injured to fight recklessly!
You are too injured to fight recklessly!
You hit the orc wizard but do no damage.
The orc wizard misses you. The orc hits you but does no damage.
The orc wizard gestures at you while chanting.
The puff of frost hits you!
* * * LOW HITPOINT WARNING * * *
The orc completely misses you.
You take 5 damage, and have 5/22 hp.
MASSIVE DAMAGE!!
The orc wizard hits you with a dagger.
* * * LOW HITPOINT WARNING * * *
You take 3 damage, and have 2/22 hp.
The orc wizard gestures at you while chanting.
The puff of frost hits you!
Ouch! That really hurt!
You die...

. █.██████ .█.█
█......
.█...████....█
..........█..████████
█).███o.............
█.....o)....████████
██.███.██████
█.███o████████████
█.@...█..........█
███████.████████.█
█.█ █.█ █.█ █.█ █.█
████.██ █.█ █......
█.█ █.██... █.█
███.██..█ █.█
█.......█


You could see an orc wizard.

Vanquished Creatures
  An orc wizard (D:4)
  An adder (D:3)
  A shadow imp (D:3)
  2 worms
  6 giant geckos
  5 orcs
  4 giant cockroaches
  6 hobgoblins
  A ball python (D:3)
  4 bats
  6 giant newts
  4 goblins
  4 kobolds
  6 rats
51 creatures vanquished.

Vanquished Creatures (collateral kills)
  An adder (D:2)
  A worm (D:4)
2 creatures vanquished.

Grand Total: 53 creatures vanquished

Notes
Turn   | Place    | Note
--------------------------------------------------------------
     0 | D:1      | Goblin1989 the Spriggan Transmuter began the quest for the Orb.
     0 | D:1      | Reached XP level 1. HP: 9/9 MP: 5/5
   723 | D:1      | Reached XP level 2. HP: 6/14 MP: 4/6
  1605 | D:2      | Learned a level 2 spell: Sticks to Snakes
  2067 | D:2      | Reached XP level 3. HP: 12/17 MP: 1/8
  2528 | D:3      | Reached skill level 1 in Fighting
  2744 | D:3      | Found a blossoming altar of Fedhas.
  3196 | D:3      | Reached XP level 4. HP: 22/22 MP: 6/9
  3574 | D:4      | Found a staircase to the Ecumenical Temple.
  3592 | Temple   | Entered the Ecumenical Temple
  3917 | Temple   | Became a worshipper of Sif Muna the Loreminder
  3953 | D:4      | Found a shimmering altar of Xom.
  4042 | D:4      | Reached skill level 4 in Transmutations
  4048 | D:4      | Killed from afar by an orc wizard

Action                   |  1- 3 |  4- 6 || total
-------------------------+-------+-------++-------
Melee: Unarmed           |   155 |    22 ||   177
 Cast: Beastly Appendage |    15 |     2 ||    17
       Sticks to Snakes  |     4 |     2 ||     6
 Stab: Sleeping          |     8 |     1 ||     9
  Eat: Fruit             |       |     7 ||     7

Vault maps used:
D:1:      lightli_arrival_maybe_door_vault, corexii_corridor_pit, hex_tiny,
          hangedman_glass_teeth, grunt_decor_fettered, patterned_corridor
D:2:      first_bread
D:3:      fedhas_altar_fruit_tree
D:4:      lemuel_crystal_altar, cheibriados_altar_wand_db,
          nicolae_overflow_crystal_walls, minmay_temple_entry_trees
Temple:   roderic_octagonal_lattice_temple
